Map: [ESL] Tropical Sacrifice

Players

Lambo

  • Race: Zerg Zerg
  • Spawn Location: 7:00

HeroMarine - Winner!

  • Race: Terran Terran
  • League: Master
  • Spawn Location: 1:00

Event: HomeStory Cup XXII

VOD

Have the link to the VOD?

Description

Time

  • Played on: Dec. 17, 2022, 10:16 a.m.
  • Length: 9:34

All games in this series

Show
View Real Time Build Order
Export as new Build Order

Lambo Zerg 

Build Orders: Hatch First 

Get SALT Encoding   

  12  0:00  Drone  
  13  0:12  Overlord  
  13  0:17  Drone  
  14  0:31  Drone x2  
  16  0:49  Hatchery  
  15  0:52  Drone  
  15  0:55  Drone  
  17  0:59  Drone  
  18  1:10  Extractor  
  17  1:14  Spawning Pool  
  17  1:17  Drone  
  17  1:21  Drone  
  18  1:28  Drone  
  19  1:38  Drone  
  20  1:49  Drone  
  21  2:01  Queen x2  
  23  2:02  Zergling x4  
  27  2:12  Drone  
  28  2:19  Hatchery  
  28  2:21  Drone  
  28  2:32  Roach Warren  
  28  2:33  Drone  
  27  2:41  Drone  
  28  2:47  Overlord  
  28  2:49  Overlord  
  28  3:12  Roach x5  
  38  3:16  Roach x2  
  38  3:19  Roach  
  44  3:24  Overlord  
  44  3:32  Roach  
  44  3:33  Roach  
  48  3:40  Drone x2  
  50  3:43  Overlord  
  50  3:45  Drone  
  51  3:48  Drone  
  51  3:50  Drone  
  51  3:53  Drone  
  54  3:56  Drone  
  54  3:59  Drone  
  54  4:01  Ravager  
  57  4:03  Drone x2  
  57  4:07  Overlord  
  59  4:10  Drone  
  59  4:12  Drone  
  59  4:15  Drone  
  62  4:20  Drone  
  61  4:28  Drone x3  
  60  4:32  Drone  
  60  4:36  Queen  
  59  4:38  Drone x2  
  53  4:50  Drone x5  
  52  4:55  Drone  
  52  4:58  Drone  
  54  5:03  Drone  
  54  5:06  Queen  
  52  5:07  Drone  
  52  5:08  Drone  
  52  5:12  Drone  
  55  5:17  Queen, Drone  
  55  5:18  Drone  
  59  5:21  Metabolic Boost  
  59  5:23  Drone  
  59  5:24  Drone x3, Extractor  
  62  5:29  Queen, Overlord  
  62  5:30  Drone  
  62  5:34  Overlord  
  65  5:36  Drone  
  65  5:39  Overlord  
  66  5:42  Lair  
  66  5:45  Hatchery  
  66  5:48  Drone  
  66  5:49  Extractor x2  
  64  5:51  Drone x2  
  64  5:53  Drone x3  
  64  5:54  Drone  
  64  5:56  Zergling x2  
  72  5:57  Zergling x2  
  72  5:58  Drone  
  72  6:02  Baneling Nest, Drone  
  73  6:04  Drone  
  73  6:11  Overlord x2  
  74  6:15  Overlord  
  74  6:19  Overlord  
  74  6:20  Spore Crawler  
  74  6:21  Spore Crawler  
  74  6:22  Spore Crawler  
  74  6:25  Drone x4  
  74  6:30  Drone x4  
  74  6:32  Drone  
  77  6:34  Drone  
  74  6:45  Overseer  
  74  6:46  Drone x7  
  81  6:47  Drone  
  81  6:51  Drone x2  
  81  6:52  Drone x2  
  86  6:55  Drone x2  
  86  7:00  Centrifugal Hooks  
  88  7:03  Drone x2  
  88  7:05  Evolution Chamber  
  88  7:06  Evolution Chamber  
  88  7:08  Drone x2  
  90  7:12  Overseer  
  90  7:14  Spore Crawler  
  90  7:15  Drone x2  
  90  7:16  Drone  
  90  7:20  Drone  
  92  7:23  Drone x2  
  92  7:25  Hatchery  
  92  7:28  Spore Crawler  
  89  7:32  Drone x4  
  94  7:39  Zergling x12, Zerg Ground Armor Level 1, Zerg Melee Weapons Level 1  
  100  7:47  Zergling x4  
  100  7:50  Baneling x2, Overseer  
  102  7:56  Hatchery  
  100  8:01  Zergling x4  
  100  8:02  Zergling x16, Baneling  
  100  8:03  Baneling x3  
  110  8:05  Zergling x2  
  110  8:09  Overlord x2  
  111  8:16  Overlord  
  111  8:18  Overlord x2  
  111  8:20  Overlord  
  111  8:22  Baneling x6  
  111  8:25  Overlord  
  111  8:27  Overlord  
  111  8:28  Zergling x14  
  111  8:32  Queen x2  
  119  8:37  Overlord  
  119  8:39  Zergling x4  
  119  8:40  Zergling x20  
  107  8:43  Queen x2  
  107  8:46  Zergling x6  
  111  8:51  Zergling x10  
  111  8:53  Baneling x4  
  115  8:58  Zergling x6  
  115  8:59  Baneling x5  
  115  9:00  Zergling x2  
  119  9:04  Zergling x6  
  119  9:05  Zergling x2  
  123  9:11  Zergling x2  
  123  9:12  Zergling x2  
  123  9:13  Baneling x3  
  123  9:14  Overseer  
Show
View Real Time Build Order
Export as new Build Order

HeroMarine Terran - Winner!

Build Orders: Reaper Expand 

Get SALT Encoding   

  12  0:00  SCV  
  13  0:12  SCV  
  14  0:17  Supply Depot  
  14  0:24  SCV  
  15  0:39  SCV  
  15  0:41  Barracks  
  16  0:44  Refinery  
  16  0:51  SCV  
  17  1:03  SCV  
  18  1:15  SCV  
  19  1:28  Reaper, Orbital Command  
  20  1:40  Command Center  
  20  1:48  Supply Depot  
  20  1:53  SCV  
  21  1:59  Marine  
  22  2:05  SCV  
  23  2:11  Factory  
  23  2:17  SCV  
  23  2:21  Barracks Reactor  
  24  2:29  SCV  
  25  2:41  SCV  
  26  2:45  Command Center  
  26  2:52  Orbital Command  
  26  2:53  SCV  
  27  2:59  Starport  
  27  3:02  Refinery  
  27  3:06  SCV  
  27  3:10  Hellion  
  30  3:15  Hellion  
  30  3:18  SCV  
  30  3:19  SCV  
  34  3:22  Marine  
  35  3:30  SCV  
  35  3:31  Hellion  
  35  3:32  SCV  
  39  3:37  Hellion  
  44  3:44  Barracks Tech Lab  
  44  3:45  SCV x2  
  46  3:53  Viking  
  46  3:55  Widow Mine  
  46  3:57  Orbital Command  
  46  3:58  Widow Mine  
  46  3:59  Bunker  
  49  4:05  Marauder  
  50  4:16  Widow Mine  
  52  4:21  SCV x2  
  54  4:27  Marauder  
  54  4:29  Stimpack, Starport Tech Lab  
  54  4:31  SCV  
  52  4:33  SCV  
  52  4:34  SCV  
  54  4:44  SCV  
  45  4:45  SCV  
  45  4:49  SCV  
  47  4:54  Cloaking Field  
  47  4:55  Banshee  
  47  4:57  SCV x2  
  44  5:01  SCV  
  44  5:08  Marine  
  44  5:09  SCV x2  
  44  5:13  SCV  
  48  5:20  Barracks, Factory Reactor  
  48  5:21  SCV  
  49  5:22  Supply Depot, SCV  
  49  5:23  Barracks  
  49  5:24  Supply Depot  
  49  5:26  Marine  
  49  5:27  SCV  
  52  5:33  SCV  
  52  5:35  Engineering Bay x2  
  53  5:44  SCV x2, Banshee  
  53  5:45  SCV  
  53  5:46  Supply Depot  
  53  5:47  Supply Depot  
  53  5:49  Marine  
  60  5:56  SCV x2, Refinery x2  
  62  5:57  SCV  
  62  6:01  Terran Infantry Armor Level 1, Terran Infantry Weapons Level 1  
  63  6:08  SCV  
  63  6:09  SCV  
  63  6:10  Barracks  
  65  6:11  Supply Depot, Barracks  
  65  6:16  Orbital Command  
  65  6:20  SCV  
  65  6:21  SCV  
  65  6:23  Combat Shield, Marine x3  
  70  6:27  Marine x2  
  70  6:32  SCV  
  73  6:33  SCV  
  73  6:36  Starport Reactor  
  73  6:37  Siege Tank  
  77  6:40  Marine  
  77  6:41  Marine x2  
  77  6:44  SCV  
  77  6:45  SCV, Marine x2  
  84  6:47  SCV  
  85  6:56  SCV  
  85  6:57  Supply Depot, SCV  
  85  6:58  Supply Depot, Marine x2  
  85  6:59  Barracks Reactor x2, SCV  
  90  7:02  Marine  
  90  7:03  Marine x2  
  93  7:15  Refinery  
  93  7:18  SCV, Medivac x2, Siege Tank  
  93  7:20  SCV x2, Marine x3  
  106  7:26  Supply Depot  
  106  7:27  Supply Depot  
  106  7:29  Marine x2  
  107  7:36  Barracks  
  109  7:37  Barracks  
  109  7:38  Barracks, Marine  
  109  7:40  Armory  
  109  7:42  Supply Depot x2  
  109  7:47  Marine x3  
  109  7:50  Marine x2  
  114  7:53  SCV x2  
  114  7:55  SCV  
  114  7:58  Marine x3  
  117  8:00  Marine  
  117  8:04  Supply Depot  
  117  8:05  Medivac x2, Marine  
  124  8:06  Siege Tank  
  124  8:07  Marine x3  
  124  8:08  Marine  
  124  8:11  Supply Depot  
  133  8:16  Marine x3  
  133  8:18  Marine  
  137  8:20  Supply Depot  
  137  8:22  Marine  
  137  8:25  Marine x2  
  140  8:28  Marine  
  140  8:29  Marine x4  
  140  8:34  Marine x3  
  146  8:36  Marine  
  146  8:40  Marine  
  135  8:43  Marine x2  
  135  8:46  Siege Tank, Marine x2  
  135  8:47  Marine x3  
  135  8:48  Medivac x2  
  143  8:51  Marine  
  143  8:52  Marine x2  
  143  8:54  Marine  
  149  8:58  Marine  
  149  9:00  Marine  
  151  9:03  Supply Depot  
  151  9:06  Marine x2  
  151  9:08  Marine x2  
  151  9:09  Marine  
  153  9:10  Marine  
  153  9:12  Marine x2  
  153  9:13  Marine x2  
Tags
 
Add a new tag
Caveats
  • Supply blocks, unpowered buildings, or Contaminate may cause inaccurate times.
  • Supply counts are checked every 10 seconds.